 Dungeon Crawl Stone Soup version 0.19.1 (webtiles) character file.

81 HessuHobo the Ruffian (level 4, 0/49 HPs)
             Began as a Demonspawn Gladiator on Dec 26, 2016.
             Slain by TheMardin's ghost (7 damage)
             ... on level 3 of the Dungeon.
             The game lasted 00:08:44 (2085 turns).

HessuHobo the Ruffian (Demonspawn Gladiator)        Turns: 2085, Time: 00:08:45

Health: 0/49       AC: 22    Str: 16    XL:     4   Next: 19%
Magic:  4/4        EV:  2    Int: 12    God:
Gold:   53         SH:  0    Dex: 14    Spells: 0 memorised, 3 levels left

rFire  . . .     SeeInvis .       - Unarmed
rCold  . . .     Gourm    .     (armour currently unavailable)
rNeg   + + +     Faith    .     (no shield)
rPois  +         Spirit   .     (helmet currently unavailable)
rElec  .         Reflect  .     (cloak currently unavailable)
rCorr  .         Harm     .     (gloves currently unavailable)
MR     .....     NoTele   +     (boots currently unavailable)
Stlth  +.........               (no amulet)
                                o - +3 ring of intelligence
                                j - ring of positive energy

@: tree-form
A: (claws 0), demonic guardian 1, rot immunity
a: no special abilities


You were on level 3 of the Dungeon.
You were not hungry.
You were a tree.
You visited 1 branch of the dungeon, and saw 3 of its levels.

You collected 53 gold pieces.

Inventory:

Missiles
 c - 3 throwing nets (quivered)
Armour
 a - a +0 leather armour (melded)
 b - a +0 helmet (melded)
Jewellery
 j - a ring of positive energy (left branch)
 o - a +3 ring of intelligence (right branch)
Scrolls
 f - a scroll of noise {unknown}
 h - a scroll of identify
 i - a scroll of remove curse {unknown}
 p - a scroll of recharging {unknown}
Comestibles
 d - a bread ration
 g - a slice of pizza
 k - 5 fruits
 l - a beef jerky
 m - a meat ration
 n - 2 chunks of flesh


   Skills:
 + Level 2.2 Fighting
 - Level 1.7 Throwing
 * Level 1.1 Armour
 + Level 3.1 Dodging
 * Level 3.9 Unarmed Combat


You had 3 spell levels left.
You didn't know any spells.

Dungeon Overview and Level Annotations

Branches:
Dungeon (3/15)

Altars:
Elyvilon

Annotations:
D:3 TheMardin's ghost, amateur HOFi


Innate Abilities, Weirdness & Mutations

((You have sharp fingernails.))
A weak demonic guardian rushes to your aid.
You are immune to rotting.


Message History

TheMardin's ghost closely misses your ufetubus.
Your iron imp barely misses TheMardin's ghost.
Your ufetubus barely misses TheMardin's ghost.
Your ufetubus hits TheMardin's ghost but does no damage.
Unknown command.
You cannot move.
Your ufetubus hits TheMardin's ghost but does no damage.
Your ufetubus closely misses TheMardin's ghost.
TheMardin's ghost misses your ufetubus.
Your iron imp hits TheMardin's ghost but does no damage.
Your ufetubus hits TheMardin's ghost but does no damage. x2
TheMardin's ghost hits your ufetubus but does no damage.
Your ufetubus completely misses TheMardin's ghost.
Your ufetubus hits TheMardin's ghost but does no damage.
Your ufetubus disappears in a puff of smoke!
Your iron imp hits TheMardin's ghost.
TheMardin's ghost hits your iron imp but does no damage.
Your iron imp disappears in a puff of smoke!
TheMardin's ghost hits you!
You die...

≈≈≈≈≈.....≈≈≈≈≈≈≈≈≈≈≈≈
≈≈≈≈≈....≈..≈≈≈.≈≈≈≈≈.
.........((...........
..........((.((.......
#.##......(((.(.......
#....#####)###(#......
###. #(# #.#..#... #
#W# #.# .# .. #♣# #.#
.. . #.# #.# ## ..#
#.# #### #.# #.# #.#
#.# #.# #.#


You could see TheMardin's ghost.

Vanquished Creatures
  3 adders
  2 worms (D:2)
  A leopard gecko (D:1)
  A giant cockroach (D:1)
  5 goblins
  3 hobgoblins
  8 jackals
  12 kobolds
  4 bats
  3 frilled lizards
  5 rats
47 creatures vanquished.

Notes
Turn   | Place    | Note
-------+----------+-------------------------------------------
     0 | D:1      | HessuHobo the Demonspawn Gladiator began the quest for the Orb.
     0 | D:1      | Reached XP level 1. HP: 16/16 MP: 1/1
   203 | D:1      | Gained mutation: You are immune to rotting. [demonic ancestry]
   203 | D:1      | Reached XP level 2. HP: 15/22 MP: 2/2
   854 | D:2      | Gained mutation: A weak demonic guardian rushes to your aid. [demonic ancestry]
   854 | D:2      | Reached XP level 3. HP: 23/27 MP: 3/3
  1567 | D:2      | Reached skill level 1 in Armour
  1798 | D:2      | Found a white marble altar of Elyvilon.
  1924 | D:3      | Gained mutation: You have sharp fingernails. [demonic ancestry]
  1924 | D:3      | Reached XP level 4. HP: 33/33 MP: 4/4
  2068 | D:3      | Noticed TheMardin's ghost (amateur HOFi)
  2085 | D:3      | Slain by TheMardin's ghost

Skill      XL: |  1  2  3 |
---------------+----------+-----
Dodging        | 3 |  3.1
Unarmed Combat | 3 |  3.9
Armour         | 1 |  1.1
Fighting       | |  2.2
Throwing       | |  1.7

Action                   |  1- 3 |  4- 6 || total
-------------------------+-------+-------++-------
Melee: Unarmed           |   156 |    34 ||   190
       Punch             |     2 |     1 ||     3
  Use: Scroll            |     7 |       ||     7
       Potion            |     5 |     1 ||     6
 Stab: Invisible         |     1 |       ||     1
  Eat: Chunk             |     3 |       ||     3
       Bread ration      |     1 |       ||     1
Armor: Leather armour    |    30 |    13 ||    43
Dodge: Dodged            |   105 |    34 ||   139
